 Dungeon Crawl Stone Soup version 0.29.0-4-gdea44cf6ec (webtiles) character file.

Game seed: 774910250826271884

11288 qw the Severer (level 11, -8/145 HPs)
             Began as a Minotaur Berserker on Sept 10, 2022.
             Was an Elder of Trog.
             Killed from afar by an electric eel (9 damage)
             ... with a bolt of electricity
             ... on level 2 of the Lair of Beasts.
             The game lasted 00:03:22 (9236 turns).

qw the Severer (Minotaur Berserker)                 Turns: 9236, Time: 00:03:22

Health: -8/145     AC: 13    Str: 32    XL:     11   Next: 47%
Magic:  10/10      EV: 10    Int:  4    God:    Trog [****..]
Gold:   625        SH: 10    Dex: 10    Spells: 10/10 levels left

rFire   . . .      SeeInvis .   Y - +1 broad axe
rCold   . . .      Faith    .   q - +0 kite shield
rNeg    . . .      Spirit   .   p - +3 scale mail {Will+}
rPois   +          Reflect  .   (helmet restricted)
rElec   .          Harm     .   (no cloak)
rCorr   .          Rampage  .   (no gloves)
Will    +....                   a - +2 pair of boots
Stlth   ..........              m - amulet of regeneration
HPRegen 1.14/turn               e - ring of poison resistance
MPRegen 0.12/turn               j - +6 ring of strength

@: berserking (expiring), very quick
A: horns 2, retaliatory headbutt
a: Renounce Religion, Berserk, Trog's Hand, Brothers in Arms


You were on level 2 of the Lair of Beasts.
You worshipped Trog.
Trog was greatly pleased with you.
You visited 2 branches of the dungeon, and saw 10 of its levels.

You collected 625 gold pieces.


Innate Abilities, Weirdness & Mutations

You have a pair of horns on your head.
You reflexively headbutt those who attack you in melee.


   Skills:
 - Level 9.5 Fighting
 + Level 15.5 Axes
 - Level 4.3 Throwing
 - Level 5.3 Armour
 - Level 3.6 Dodging
 - Level 10.1 Shields


You had 10 spell levels left.
You didn't know any spells.
Your spell library was empty.

Inventory:

Hand Weapons
 h - a +0 morningstar
 Y - a +1 broad axe (weapon)
Missiles
 o - 3 silver javelins (quivered)
 t - 2 javelins
Armour
 a - a +2 pair of boots (worn)
 g - a +0 chain mail
 p - a +3 scale mail of willpower (worn)
 q - a +0 kite shield (worn)
Jewellery
 e - a ring of poison resistance (left hand)
 j - a +6 ring of strength (right hand)
 m - an amulet of regeneration (around neck)
 r - a ring of poison resistance
Scrolls
 d - 2 scrolls of enchant armour
 f - 2 scrolls of identify
 l - 2 scrolls of teleportation
Potions
 b - 2 potions of might
 i - 4 potions of curing
 k - a potion of haste
 n - 2 potions of heal wounds
 s - a potion of mutation

Dungeon Overview and Level Annotations

Branches:
Dungeon (8/15)             Temple (0/1) D:7            Lair (2/5) D:8
  Swamp (0/4) Lair:2
  Snake: Lair:2-3    Spider: Lair:2-3

Altars:
Elyvilon
Hepliaklqana
Makhleb
Uskayaw
Xom
Yredelemnul

Annotations:
D:2 1 runed translucent door, Crazy Yiuf
D:3 1 runed translucent door, qw's ghost, amateur MiFi
D:7 3 runed translucent doors, qw's ghost, novice MiFi


Message History

You closely miss the blink frog.
The blink frog is moderately wounded.
The electric eel shoots out a bolt of lightning at you!
The bolt of electricity hits you.
The blink frog hits you but does no damage.
You slash the blink frog!
The blink frog is almost dead.
You miss the blink frog. Your headbutt misses the blink frog.
The blink frog is almost dead.
You block the blink frog's attack.
You slash the blink frog!
You kill the blink frog!
Trog accepts your kill.
You slash the blink frog!
The electric eel shoots out a bolt of lightning at you!
The bolt of electricity hits the electric eel.
The electric eel completely resists.
The bolt of electricity hits you!
The electric eel shoots out a bolt of lightning at you!
The bolt of electricity hits you.
You barely miss the blink frog.
The blink frog is almost dead.
The blink frog hits you but does no damage.
The electric eel shoots out a bolt of lightning at you!
The bolt of electricity hits you!
You slice the blink frog!!
You kill the blink frog!
Trog accepts your kill.
The electric eel shoots out a bolt of lightning at you!
The bolt of electricity misses you.
The electric eel shoots out a bolt of lightning at you!
The bolt of electricity hits you.
The electric eel shoots out a bolt of lightning at you!
The bolt of electricity hits you!
You see here a blink frog corpse.
You feel a strong urge to attack something.
The electric eel shoots out a bolt of lightning at you!
The bolt of electricity hits you!
The electric eel shoots out a bolt of lightning at you!
The bolt of electricity hits you!
You die...

.....### ## #.....P##P#.
#.......... #........#
## ####
#####.>......#...
#P..##.##.(.......P...
...................... .
.............%........
................@.¤..(..
P#.#####.(.###....¤.S~~.
.......#...# ###..¤SS~~¤
..........## #...SS>¤~
.....%....# P...¤~¤~¤
..........# .....~~~.
..........## .........
...........# ##........
...........###.#


You could see 5 electric eels.

Vanquished Creatures
  A two-headed ogre (D:6)
  Erica (Lair:2)
  Urug (Lair:1)
  A black mamba (Lair:2)
  A cane toad (Lair:1)
  Maggie (D:8)
  A rime drake (Lair:2)
  5 komodo dragons (Lair:1)
  4 blink frogs (Lair:2)
  Sigmund (D:2)
  A wyvern (D:8)
  7 yaks
  2 basilisks (D:8)
  Grum (Lair:1)
  An acid dragon (D:8)
  2 water moccasins
  A hornet zombie (D:7)
  An orc warrior (D:8)
  2 sky beasts
  7 wolves (Lair:1)
  2 ogres (D:5)
  4 centaurs
  A phantom (D:7)
  6 bullfrogs
  A gnoll sergeant (D:8)
  2 necrophages
  6 killer bees (D:8)
  A howler monkey (D:8)
  4 electric eels (D:7)
  5 hounds
  A quasit (D:4)
  A jelly (D:4)
  3 orc priests
  2 gnoll boudas
  An iguana (D:5)
  9 orc wizards
  A killer bee zombie (D:7)
  22 gnolls
  4 adders
  4 shadow imps
  4 white imps
  2 ufetubi (D:4)
  A worm (D:2)
  3 dart slugs
  24 orcs
  2 bats (D:1)
  An endoplasm (D:3)
  6 giant cockroaches
  3 hobgoblins
  5 jackals
  A quokka (D:4)
  4 ball pythons
  3 frilled lizards
  5 goblins
  3 kobolds
  5 rats
194 creatures vanquished.

Vanquished Creatures (collateral kills)
  A hydra (Lair:1)
  A cane toad (Lair:1)
2 creatures vanquished.

Vanquished Creatures (others)
  6 fungi
  15 plants
21 creatures vanquished.

Grand Total: 217 creatures vanquished

Notes
Turn   | Place    | Note
-------+----------+-------------------------------------------
     0 | D:1      | qw the Minotaur Berserker began the quest for the Orb.
     0 | D:1      | Reached XP level 1. HP: 19/19 MP: 0/0
     0 | D:1      | 0 ||| qw: Version: 0.1-a-116-g5d60599
     0 | D:1      | 0 ||| qw: Game counter: 7601
     0 | D:1      | 0 ||| qw: Always use a shield: true
     0 | D:1      | 0 ||| qw: Do Orc after D:15 true
     0 | D:1      | 0 ||| qw: Do second Lair branch before Depths: true
     0 | D:1      | 0 ||| qw: Lair rune preference: random
     0 | D:1      | 0 ||| qw: Plans: Normal
     0 | D:1      | 0 ||| PLANNING D:1-11
    64 | D:1      | Reached skill level 4 in Axes
   306 | D:1      | Found a faded altar of an unknown god.
   357 | D:1      | Reached XP level 2. HP: 26/26 MP: 1/1
   619 | D:1      | 619 ||| READING scroll labelled HEANEFR UM WUTAEM.
   620 | D:1      | 620 ||| READING scroll labelled UQANYLOGRI.
   621 | D:1      | 621 ||| READING scroll labelled GOGGAS TICICIZATSY.
   622 | D:1      | 622 ||| READING scroll labelled ELEEMNEODE.
   636 | D:2      | 636 ||| STAIRDANCE
   693 | D:2      | 693 ||| Stepping ~*~*~tactically~*~*~ (hiding).
   694 | D:2      | 694 ||| Stepping ~*~*~tactically~*~*~ (hiding).
   753 | D:2      | 753 ||| Stepping ~*~*~tactically~*~*~ (stealth).
   757 | D:2      | 757 ||| Stepping ~*~*~tactically~*~*~ (stealth).
   759 | D:2      | 759 ||| Stepping ~*~*~tactically~*~*~ (stealth).
   778 | D:2      | Noticed Sigmund
   779 | D:2      | 779 ||| Stepping ~*~*~tactically~*~*~ (hiding).
   881 | D:2      | 881 ||| Stepping ~*~*~tactically~*~*~ (hiding).
   882 | D:2      | 882 ||| Stepping ~*~*~tactically~*~*~ (hiding).
   885 | D:2      | 885 ||| Stepping ~*~*~tactically~*~*~ (hiding).
   886 | D:2      | 886 ||| Stepping ~*~*~tactically~*~*~ (hiding).
   887 | D:2      | 887 ||| Stepping ~*~*~tactically~*~*~ (hiding).
   890 | D:2      | 890 ||| INVOKING Berserk.
   895 | D:2      | Killed Sigmund
   896 | D:2      | Reached skill level 7 in Axes
   896 | D:2      | Reached XP level 3. HP: 31/31 MP: 2/2
   896 | D:2      | Reached XP level 4. HP: 39/39 MP: 3/3
   896 | D:2      | Reached XP level 5. HP: 45/45 MP: 4/4
  1455 | D:2      | Found a runed translucent door.
  1456 | D:2      | Noticed Crazy Yiuf
  1680 | D:2      | 1680 ||| UPGRADING to +0 chain mail.
  1690 | D:2      | 1690 ||| DROPPING +0 animal skin.
  1691 | D:2      | 1691 ||| UPGRADING to ring of poison resistance.
  1692 | D:2      | 1692 ||| READING scroll labelled UWOEFOA JEAPAHE.
  1693 | D:2      | 1693 ||| READING 3 scrolls labelled TEFYAC UJOT.
  1694 | D:2      | 1694 ||| READING scroll labelled TOEHU OLUDEI.
  1695 | D:2      | 1695 ||| READING scroll labelled BOMYNU LICK.
  1696 | D:2      | 1696 ||| READING 2 scrolls of identify.
  1696 | D:2      | 1696 ||| IDENTIFYING grey potion
  1697 | D:2      | 1697 ||| DROPPING potion of flight.
  1795 | D:3      | Noticed qw's ghost (amateur MiFi)
  1796 | D:3      | Found a runed translucent door.
  1873 | D:3      | Reached ** piety under Trog
  1899 | D:3      | 1899 ||| Stepping ~*~*~tactically~*~*~ (stealth).
  1900 | D:3      | 1900 ||| Stepping ~*~*~tactically~*~*~ (stealth).
  2148 | D:3      | 2148 ||| DRINKING 2 orange potions.
  2149 | D:3      | 2149 ||| READING 3 scrolls of identify.
  2149 | D:3      | 2149 ||| IDENTIFYING puce potion
  2150 | D:3      | 2150 ||| READING 2 scrolls of identify.
  2150 | D:3      | 2150 ||| IDENTIFYING dark potion
  2151 | D:3      | 2151 ||| DROPPING potion of degeneration.
  2220 | D:4      | 2220 ||| Stepping ~*~*~tactically~*~*~ (stealth).
  2224 | D:4      | 2224 ||| INVOKING Berserk.
  2428 | D:4      | Reached skill level 8 in Axes
  2436 | D:4      | 2436 ||| INVOKING Berserk.
  2439 | D:4      | Reached XP level 6. HP: 52/52 MP: 5/5
  2567 | D:4      | 2567 ||| DROPPING +0 whip.
  2756 | D:4      | 2756 ||| Stepping ~*~*~tactically~*~*~ (hiding).
  2766 | D:4      | 2766 ||| INVOKING Berserk.
  2767 | D:4      | 2767 ||| INVOKING Berserk.
  2769 | D:4      | Reached skill level 9 in Axes
  3019 | D:4      | 3019 ||| Stepping ~*~*~tactically~*~*~ (stealth).
  3026 | D:4      | 3026 ||| Stepping ~*~*~tactically~*~*~ (stealth).
  3027 | D:4      | 3027 ||| Stepping ~*~*~tactically~*~*~ (stealth).
  3033 | D:4      | 3033 ||| INVOKING Berserk.
  3295 | D:4      | 3295 ||| Stepping ~*~*~tactically~*~*~ (hiding).
  3298 | D:4      | 3298 ||| Stepping ~*~*~tactically~*~*~ (hiding).
  3310 | D:4      | 3310 ||| INVOKING Berserk.
  3311 | D:4      | Reached XP level 7. HP: 31/60 MP: 6/6
  3538 | D:4      | 3538 ||| UPGRADING to amulet of regeneration.
  3543 | D:4      | 3543 ||| READING scroll labelled ADWAUS RAH HAU.
  3548 | D:5      | Entered Level 5 of the Dungeon
  3613 | D:5      | 3613 ||| Stepping ~*~*~tactically~*~*~ (stealth).
  3615 | D:5      | 3615 ||| Stepping ~*~*~tactically~*~*~ (hiding).
  3622 | D:5      | 3622 ||| INVOKING Berserk.
  3633 | D:5      | Reached skill level 3 in Armour
  3838 | D:5      | 3838 ||| Stepping ~*~*~tactically~*~*~ (stealth).
  3842 | D:5      | 3842 ||| INVOKING Berserk.
  4131 | D:5      | 4131 ||| INVOKING Berserk.
  4134 | D:5      | Reached skill level 10 in Axes
  4338 | D:5      | 4338 ||| Stepping ~*~*~tactically~*~*~ (stealth).
  4347 | D:5      | 4347 ||| Stepping ~*~*~tactically~*~*~ (stealth).
  4418 | D:5      | 4418 ||| INVOKING Berserk.
  4425 | D:5      | Reached skill level 6 in Fighting
  4497 | D:5      | 4497 ||| Stepping ~*~*~tactically~*~*~ (stealth).
  4506 | D:5      | Reached skill level 1 in Throwing
  4506 | D:5      | Reached XP level 8. HP: 70/70 MP: 7/7
  4512 | D:5      | Found a burning altar of Makhleb.
  4595 | D:5      | 4595 ||| DRINKING 2 fizzy blue potions.
  4596 | D:5      | 4596 ||| READING 2 scrolls of identify.
  4596 | D:5      | 4596 ||| IDENTIFYING fizzy green potion
  4597 | D:5      | 4597 ||| DROPPING potion of berserk rage.
  4598 | D:5      | 4598 ||| DROPPING potion of invisibility.
  4721 | D:6      | Reached *** piety under Trog
  4838 | D:6      | Found a hide-covered altar of Uskayaw.
  4932 | D:6      | Found a white marble altar of Elyvilon.
  4977 | D:6      | Reached skill level 11 in Axes
  4989 | D:6      | Noticed a two-headed ogre
  4994 | D:6      | 4994 ||| INVOKING Berserk.
  4998 | D:6      | Killed a two-headed ogre
  4999 | D:6      | Reached skill level 13 in Axes
  5291 | D:6      | Found a shimmering altar of Xom.
  5482 | D:6      | 5482 ||| UPGRADING to +6 ring of strength.
  5483 | D:6      | 5483 ||| DRINKING 2 lumpy amethyst potions.
  5484 | D:6      | 5484 ||| READING 7 scrolls of identify.
  5484 | D:6      | 5484 ||| IDENTIFYING brown potion
  5485 | D:6      | 5485 ||| READING 6 scrolls of identify.
  5485 | D:6      | 5485 ||| IDENTIFYING viscous inky potion
  5486 | D:6      | 5486 ||| DROPPING potion of attraction.
  5487 | D:6      | 5487 ||| DROPPING potion of ambrosia.
  5524 | D:7      | Reached XP level 9. HP: 75/75 MP: 8/8
  5573 | D:7      | 5573 ||| DROPPING +1 flail of protection.
  5577 | D:7      | Found a staircase to the Ecumenical Temple.
  5675 | D:7      | Found a hazy altar of Hepliaklqana.
  5704 | D:7      | 5704 ||| FLEEEEING.
  5705 | D:7      | 5705 ||| FLEEEEING.
  5706 | D:7      | 5706 ||| FLEEEEING.
  5707 | D:7      | 5707 ||| FLEEEEING.
  5708 | D:7      | 5708 ||| FLEEEEING.
  5709 | D:7      | 5709 ||| FLEEEEING.
  5710 | D:7      | 5710 ||| FLEEEEING.
  5711 | D:7      | 5711 ||| FLEEEEING.
  5712 | D:7      | 5712 ||| FLEEEEING.
  5717 | D:7      | 5717 ||| FLEEEEING.
  5718 | D:7      | 5718 ||| INVOKING Berserk.
  5738 | D:7      | 5738 ||| Stepping ~*~*~tactically~*~*~ (stealth).
  5769 | D:7      | 5769 ||| FLEEEEING.
  5770 | D:7      | 5770 ||| FLEEEEING.
  5771 | D:7      | 5771 ||| FLEEEEING.
  5772 | D:7      | HP: 19/79 [orc/+0 dagger (2)]
  5773 | D:7      | 5773 ||| READING 3 scrolls of teleportation.
  5878 | D:7      | 5878 ||| Invisible monster not found???
  5943 | D:7      | 5943 ||| Stepping ~*~*~tactically~*~*~ (hiding).
  5944 | D:7      | 5944 ||| Stepping ~*~*~tactically~*~*~ (hiding).
  5980 | D:7      | 5980 ||| SWAPPING to +0 war axe.
  5981 | D:7      | 5981 ||| DROPPING +1 hand axe.
  6001 | D:7      | Found a runed translucent gate.
  6001 | D:7      | Found a runed translucent gate.
  6001 | D:7      | Found a runed translucent gate.
  6001 | D:7      | Noticed qw's ghost (novice MiFi)
  6003 | D:7      | 6003 ||| UPGRADING to +0 pair of boots.
  6016 | D:7      | 6016 ||| READING 3 scrolls of enchant armour.
  6016 | D:7      | 6016 ||| ENCHANTING +0 pair of boots.
  6017 | D:7      | 6017 ||| READING 2 scrolls of enchant armour.
  6017 | D:7      | 6017 ||| ENCHANTING +1 pair of boots.
  6018 | D:7      | Found a basalt altar of Yredelemnul.
  6225 | D:7      | 6225 ||| INVOKING Berserk.
  6385 | D:7      | 6385 ||| INVOKING Berserk.
  6964 | D:8      | Found a staircase to the Lair.
  6965 | D:8      | 6965 ||| Stepping ~*~*~tactically~*~*~ (hiding).
  6973 | D:8      | Reached skill level 3 in Dodging
  7062 | D:8      | 7062 ||| Stepping ~*~*~tactically~*~*~ (stealth).
  7064 | D:8      | Noticed Maggie
  7069 | D:8      | Reached skill level 14 in Axes
  7073 | D:8      | Reached **** piety under Trog
  7082 | D:8      | Killed Maggie
  7118 | D:8      | Reached XP level 10. HP: 87/88 MP: 9/9
  7129 | D:8      | 7129 ||| Stepping ~*~*~tactically~*~*~ (hiding).
  7141 | D:8      | 7141 ||| FLEEEEING.
  7142 | D:8      | 7142 ||| FLEEEEING.
  7145 | D:8      | 7145 ||| FLEEEEING.
  7146 | D:8      | 7146 ||| FLEEEEING.
  7147 | D:8      | 7147 ||| FLEEEEING.
  7148 | D:8      | 7148 ||| FLEEEEING.
  7149 | D:8      | 7149 ||| FLEEEEING.
  7150 | D:8      | 7150 ||| FLEEEEING.
  7151 | D:8      | 7151 ||| FLEEEEING.
  7152 | D:8      | 7152 ||| FLEEEEING.
  7153 | D:8      | 7153 ||| FLEEEEING.
  7157 | D:8      | 7157 ||| INVOKING Berserk.
  7228 | D:8      | 7228 ||| Stepping ~*~*~tactically~*~*~ (hiding).
  7232 | D:8      | 7232 ||| INVOKING Berserk.
  7360 | D:8      | 7360 ||| DRINKING 3 potions of curing.
  7360 | D:8      | 7360 ||| (to cure confusion)
  7545 | D:8      | Reached skill level 15 in Axes
  7728 | D:8      | 7728 ||| PLANNING LAIR
  7728 | D:8      | 7728 ||| UPGRADING to +0 kite shield.
  7733 | D:8      | 7733 ||| READING scroll labelled UHA HOIMIDARGH.
  7734 | D:8      | 7734 ||| READING 6 scrolls of identify.
  7734 | D:8      | 7734 ||| IDENTIFYING black potion
  7735 | D:8      | 7735 ||| READING 5 scrolls of identify.
  7735 | D:8      | 7735 ||| IDENTIFYING yellow potion
  7736 | D:8      | 7736 ||| DROPPING potion of brilliance.
  7752 | Lair:1   | Entered Level 1 of the Lair of Beasts
  7752 | Lair:1   | Noticed Urug
  7756 | Lair:1   | 7756 ||| INVOKING Berserk.
  7759 | Lair:1   | Reached skill level 1 in Shields
  7763 | Lair:1   | Killed Urug
  7765 | Lair:1   | Noticed Grum
  7779 | Lair:1   | HP: 32/132 [komodo dragon (21)]
  7780 | Lair:1   | HP: 7/132 [komodo dragon (25)]
  7783 | Lair:1   | Killed Grum
  7784 | Lair:1   | Reached skill level 6 in Shields
  7857 | Lair:1   | 7857 ||| SWAPPING to +1 broad axe.
  7858 | Lair:1   | 7858 ||| DROPPING +0 war axe.
  7898 | Lair:1   | Noticed a cane toad
  7901 | Lair:1   | 7901 ||| INVOKING Berserk.
  7902 | Lair:1   | Killed a cane toad
  8025 | Lair:1   | Noticed a six-headed hydra
  8026 | Lair:1   | 8026 ||| INVOKING Brothers in Arms.
  8027 | Lair:1   | 8027 ||| INVOKING Brothers in Arms.
  8028 | Lair:1   | 8028 ||| SWAPPING to +0 morningstar.
  8029 | Lair:1   | 8029 ||| INVOKING Berserk.
  8031 | Lair:1   | Killed a six-headed hydra
  8046 | Lair:1   | 8046 ||| SWAPPING to +1 broad axe.
  8051 | Lair:1   | Noticed a cane toad
  8054 | Lair:1   | Killed a cane toad
  8055 | Lair:1   | Reached skill level 3 in Throwing
  8059 | Lair:1   | Reached skill level 9 in Shields
  8061 | Lair:1   | Reached XP level 11. HP: 59/94 MP: 10/10
  8194 | Lair:1   | 8194 ||| INVOKING Berserk.
  8203 | Lair:1   | 8203 ||| Stepping ~*~*~tactically~*~*~ (stealth).
  8562 | Lair:1   | 8562 ||| INVOKING Berserk.
  8953 | Lair:1   | 8953 ||| UPGRADING to +3 scale mail of willpower.
  8963 | Lair:1   | 8963 ||| READING scroll labelled RETITO DOIQ.
  9007 | Lair:1   | 9007 ||| READING 4 scrolls of identify.
  9007 | Lair:1   | 9007 ||| IDENTIFYING silvery potion
  9008 | Lair:1   | 9008 ||| READING 3 scrolls of identify.
  9008 | Lair:1   | 9008 ||| IDENTIFYING glowing ruby potion
  9009 | Lair:1   | 9009 ||| DROPPING potion of lignification.
  9021 | Lair:2   | 9021 ||| STAIRDANCE
  9041 | Lair:2   | Noticed Erica
  9042 | Lair:2   | 9042 ||| Stepping ~*~*~tactically~*~*~ (hiding).
  9045 | Lair:2   | 9045 ||| INVOKING Berserk.
  9046 | Lair:2   | Killed Erica
  9047 | Lair:2   | Reached skill level 9 in Fighting
  9166 | Lair:2   | 9166 ||| INVOKING Berserk.
  9181 | Lair:2   | 9181 ||| Stepping ~*~*~tactically~*~*~ (stealth).
  9183 | Lair:2   | 9183 ||| Stepping ~*~*~tactically~*~*~ (stealth).
  9223 | Lair:2   | Found a staircase to the Swamp.
  9224 | Lair:2   | 9224 ||| INVOKING Berserk.
  9233 | Lair:2   | HP: 26/145 [electric eel/bolt of electricity (13)]
  9235 | Lair:2   | HP: 9/145 [electric eel/bolt of electricity (12)]
  9236 | Lair:2   | HP: 1/145 [electric eel/bolt of electricity (9)]
  9236 | Lair:2   | Killed from afar by an electric eel

Levels and vault maps discovered:
D:1:      dpeg_arrival_orchard, layout_loops_ring,
          ebering_ecumenical_altar_webs, minmay_pentomino_s4
D:2:      layout_loops_cross, uniq_sigmund, uniq_crazy_yiuf_cottage
D:3:      layout_rooms, hellmonk_ghost_happy_afterlife
D:4:      layout_basic, serial_demonic, serial_demonic_a, serial_demonic_b,
          serial_demonic_g, serial_demonic_a, minmay_manual_mares
D:5:      layout_loops_ring, marbit_many_paths
D:6:      layout_gridville, nicolae_uskayaw_suspiria,
          mainiacjoe_overflow_alcove_4, elyvilon_altar_3, chequers_avenue,
          dreamdust_gnoll_farm
D:7:      layout_cave_pools, lemuel_round_altar,
          nicolae_yredelemnul_ghost_church, minmay_temple_entry_offerings,
          chequers_big_river, kennysheep_minor_cross, palyth_stone_intersect
D:8:      layout_cave_pools, david_lair_generic, kennysheep_another_room,
          uniq_maggie
Lair:1:   layout_gridlike, beast_lair_carwin_10, uniq_urug, uniq_grum
Lair:2:   layout_chaotic_city, minmay_swamp_entry_eels, uniq_erica

Skill      XL: |  1  2  3  4  5  6  7  8  9 10 11 |
---------------+----------------------------------+-----
Axes           | 4 7 8 9 10 13 14 15 | 15.5
Fighting       | 4 6 8 9 |  9.5
Armour         | 3 5 |  5.3
Throwing       | 1 3 4 |  4.3
Dodging        | 3 |  3.6
Shields        | 9 10 | 10.1

Action                   |  1- 3 |  4- 6 |  7- 9 | 10-12 || total
-------------------------+-------+-------+-------+-------++-------
Melee: Hand axe          |    35 |   112 |   177 |       ||   324
       Headbutt          |     8 |    15 |    43 |    16 ||    82
       Punch             |     1 |       |     4 |       ||     5
       War axe           |       |       |    80 |    75 ||   155
       Broad axe         |       |       |       |    62 ||    62
       Morningstar       |       |       |       |     2 ||     2
Throw: Boomerang         |       |       |     9 |     1 ||    10
       Javelin           |       |       |       |    18 ||    18
Invok: Berserk           |     1 |     5 |     8 |    10 ||    24
       Brothers in Arms  |       |       |       |     1 ||     1
  Use: Scroll            |     4 |     7 |     7 |     6 ||    24
       Potion            |       |     1 |     2 |     1 ||     4
Armor: Animal skin       |     6 |     3 |       |       ||     9
       Chain mail        |       |    86 |   107 |    44 ||   237
       Scale mail        |       |       |       |     8 ||     8
Dodge: Dodged            |    18 |    65 |    82 |    46 ||   211
Block: Kite shield       |       |       |       |    48 ||    48

Table legend:
 A = Non-vault XP
 B = Vault XP
 C = Vault XP percentage of total XP
 D = Non-vault monster count
 E = Vault monster count
 F = Vault count percentage of total count
                 A         B        C        D         E       F
            +---------+---------+-------+---------+---------+-------
      Total |   10465 |    5662 |  35.1 |     155 |      41 |  20.9
            +---------+---------+-------+---------+---------+-------
        D:1 |       7 |       6 |  46.2 |       5 |       4 |  44.4
        D:2 |      47 |     223 |  82.6 |      17 |       1 |   5.6
        D:3 |      32 |       0 |   0.0 |      11 |       0 |   0.0
        D:4 |     157 |     321 |  67.2 |      17 |       8 |  32.0
        D:5 |     562 |     108 |  16.1 |      19 |       1 |   5.0
        D:6 |    1168 |     141 |  10.8 |       9 |       6 |  40.0
        D:7 |    1016 |     164 |  13.9 |      26 |       2 |   7.1
        D:8 |    1302 |    1188 |  47.7 |      30 |       5 |  14.3
     Lair:1 |    4317 |    2698 |  38.5 |      15 |      13 |  46.4
     Lair:2 |    1857 |     813 |  30.4 |       6 |       1 |  14.3
            +---------+---------+-------+---------+---------+-------
